| TOP OF THE 1ST |
|
Kane County Cougars batting - Pitching for Hagerstown Suns : RHP Brian Walker
|
|
Pitching: RHP Brian Walker
|
|
|
Batting: RHB Larry Hardman
|
0-0: Ball 1-0: Called Strike 1-1: Ball 2-1: SINGLE (Groundball, 56D, EV 109.4 MPH)
|
|
Batting: RHB Paul Schreiber
|
0-0: Fielders Choice at 2nd, 1-6 (Groundball, 13S, EV 71.9 MPH)
|
|
Now at SS: Nick Moreno
|
|
|
Now in CF: John Savard
|
|
|
Batting: SHB Evan Armagost
|
0-0: Ball 1-0: Called Strike 1-1: SINGLE (Groundball, 34D, EV 98.8 MPH) Paul Schreiber to second Runner from 2nd tries for 3rd, SAFE, throw by RF made to third
|
|
Batting: RHB Steve Machol
|
0-0: Called Strike 0-1: Ball 1-1: Ball 2-1: Called Strike 2-2: Ball 3-2: SINGLE (Groundball, 34D, EV 95.0 MPH) Paul Schreiber scores Evan Armagost to second Runner from 2nd tries for 3rd, SAFE, throw by RF made to third
|
|
Batting: RHB Chad Mendoza
|
0-0: Swinging Strike 0-1: Ball 1-1: Foul Ball, location: 2F 1-2: Fly out, F9 (Flyball, 9LS, EV 90.0 MPH)
|
|
Batting: LHB Jeff Harmon
|
0-0: Ball 1-0: Ball 2-0: Called Strike 2-1: SINGLE (Groundball, 56D, EV 95.0 MPH) Evan Armagost scores Steve Machol to second
|
|
Batting: RHB Sergio Manzanero
|
0-0: Foul Ball, location: 2F 0-1: Foul Ball, location: 2F 0-2: Ball 1-2: Strikes out swinging
|
| Top of the 1st over - 2 runs, 4 hits, 0 errors, 2 left on base; Kane County 2 - Hagerstown 0 |
| BOTTOM OF THE 1ST |
|
Hagerstown Suns batting - Pitching for Kane County Cougars : RHP Alex Andrade
|
|
Pitching: RHP Alex Andrade
|
|
|
Batting: RHB John Savard
|
0-0: Ball 1-0: Ground out 4-3 (Groundball, 4, EV 89.4 MPH)
|
|
Batting: RHB Kevin Whitenack
|
0-0: Ball 1-0: Ball 2-0: Ball 3-0: Base on Balls
|
|
Batting: LHB Evan Oliveri
|
0-0: Ball 1-0: Called Strike 1-1: Grounds into double play, 4-6-3 (Groundball, 4, EV 85.6 MPH)
|
| Bottom of the 1st over - 0 runs, 0 hits, 0 errors, 0 left on base; Kane County 2 - Hagerstown 0 |
| TOP OF THE 2ND |
|
Kane County Cougars batting - Pitching for Hagerstown Suns : RHP Brian Walker
|
|
Batting: LHB Enrique Ponce
|
0-0: Ball 1-0: SINGLE (Groundball, 4MD, EV 106.9 MPH)
|
|
Batting: RHB Ernesto Zamora
|
0-0: Called Strike Enrique Ponce steals 2nd base 0-1: Ball 1-1: SINGLE (Line Drive, 9LS, EV 95.6 MPH) Enrique Ponce to third
|
|
Batting: RHB Larry Hardman
|
0-0: Ball 1-0: SINGLE (Groundball, 34D, EV 96.2 MPH) Enrique Ponce scores Ernesto Zamora to second Runner from 2nd tries for 3rd, SAFE, throw by RF made at trailing runner, OUT! 9-6
|
|
Batting: RHB Paul Schreiber
|
0-0: Called Strike 0-1: Ball 1-1: Foul Ball, location: 2F 1-2: Strikes out swinging
|
|
Batting: SHB Evan Armagost
|
0-0: Called Strike 0-1: Ball 1-1: Foul Ball, location: 2F 1-2: Strikes out swinging
|
| Top of the 2nd over - 1 run, 3 hits, 0 errors, 1 left on base; Kane County 3 - Hagerstown 0 |
| BOTTOM OF THE 2ND |
|
Hagerstown Suns batting - Pitching for Kane County Cougars : RHP Alex Andrade
|
|
Batting: RHB Nick Moreno
|
0-0: Ball 1-0: Foul Ball, location: 2F 1-1: Foul Ball, location: 2F 1-2: Ball 2-2: Foul Ball, location: 2F 2-2: Ball 3-2: SINGLE (Line Drive, 89S, EV 95.6 MPH)
|
|
Batting: RHB Steve Bauman
|
0-0: Ball 1-0: Called Strike 1-1: Grounds into double play, 4-6-3 (Groundball, 4, EV 102.5 MPH)
|
|
Batting: RHB Gabe Almazan
|
0-0: Ball 1-0: Called Strike 1-1: Ball 2-1: Ball 3-1: Foul Ball, location: 2F 3-2: Ground out 4-3 (Groundball, 4, EV 85.6 MPH)
|
| Bottom of the 2nd over - 0 runs, 1 hit, 0 errors, 0 left on base; Kane County 3 - Hagerstown 0 |
| TOP OF THE 3RD |
|
Kane County Cougars batting - Pitching for Hagerstown Suns : RHP Brian Walker
|
|
Batting: RHB Steve Machol
|
0-0: Ball 1-0: Ground out 6-3 (Groundball, 6, EV 109.4 MPH)
|
|
Batting: RHB Chad Mendoza
|
0-0: Foul Ball, location: 2F 0-1: Foul Ball, location: 2F 0-2: Ball 1-2: DOUBLE (Line Drive, 78D, EV 111.2 MPH)
|
|
Batting: LHB Jeff Harmon
|
0-0: Called Strike 0-1: Ball 1-1: Foul Ball, location: 2F 1-2: Strikes out swinging
|
|
Batting: RHB Sergio Manzanero
|
0-0: Ball 1-0: Swinging Strike 1-1: Ball 2-1: Called Strike 2-2: Strikes out swinging
|
| Top of the 3rd over - 0 runs, 1 hit, 0 errors, 1 left on base; Kane County 3 - Hagerstown 0 |
| BOTTOM OF THE 3RD |
|
Hagerstown Suns batting - Pitching for Kane County Cougars : RHP Alex Andrade
|
|
Batting: RHB Jim Towle
|
0-0: Foul Ball, location: 2F 0-1: Fly out, F9 (Flyball, 9D, EV 92.5 MPH)
|
|
Batting: RHB Marcus Dawson
|
0-0: Ball 1-0: Ball 2-0: Called Strike 2-1: Swinging Strike 2-2: Fly out, F9 (Flyball, 89M, EV 99.4 MPH)
|
|
Batting: RHB Scott Skoglund
|
0-0: Ball 1-0: Foul Ball, location: 2F 1-1: Ground out 6-3 (Groundball, 6, EV 88.8 MPH)
|
| Bottom of the 3rd over - 0 runs, 0 hits, 0 errors, 0 left on base; Kane County 3 - Hagerstown 0 |
| TOP OF THE 4TH |
|
Kane County Cougars batting - Pitching for Hagerstown Suns : RHP Brian Walker
|
|
Batting: LHB Enrique Ponce
|
0-0: Ball 1-0: Foul Ball, location: 2F 1-1: Foul Ball, location: 2F 1-2: Foul Ball, location: 2F 1-2: Ball 2-2: Ball 3-2: Fly out, F4 (Popup, 4, EV 51.2 MPH)
|
|
Batting: RHB Ernesto Zamora
|
0-0: Foul Ball, location: 2F 0-1: Swinging Strike 0-2: Foul Ball, location: 2F 0-2: Strikes out looking
|
|
Batting: RHB Larry Hardman
|
0-0: Ball 1-0: Called Strike 1-1: Foul Ball, location: 2F 1-2: Fly out, F8 (Flyball, 8RS, EV 89.4 MPH)
|
| Top of the 4th over - 0 runs, 0 hits, 0 errors, 0 left on base; Kane County 3 - Hagerstown 0 |
| BOTTOM OF THE 4TH |
|
Hagerstown Suns batting - Pitching for Kane County Cougars : RHP Alex Andrade
|
|
Batting: RHB John Savard
|
0-0: Ball 1-0: Called Strike 1-1: Ground out 5-3 (Groundball, 56, EV 101.9 MPH)
|
|
Batting: RHB Kevin Whitenack
|
0-0: Ball 1-0: Swinging Strike 1-1: Foul Ball, location: 2F 1-2: Ball 2-2: Foul Ball, location: 2F 2-2: Ball 3-2: Foul Ball, location: 2F 3-2: Strikes out swinging
|
|
Batting: LHB Evan Oliveri
|
0-0: Ball 1-0: Ball 2-0: Fly out, F8 (Flyball, 8RD, EV 99.4 MPH)
|
| Bottom of the 4th over - 0 runs, 0 hits, 0 errors, 0 left on base; Kane County 3 - Hagerstown 0 |
| TOP OF THE 5TH |
|
Kane County Cougars batting - Pitching for Hagerstown Suns : RHP Brian Walker
|
|
Batting: RHB Paul Schreiber
|
0-0: Ball 1-0: Called Strike 1-1: Foul Ball, location: 2F 1-2: Strikes out swinging
|
|
Batting: SHB Evan Armagost
|
0-0: Ball 1-0: Foul Ball, location: 2F 1-1: Ball 2-1: Called Strike 2-2: SINGLE (Groundball, 4M, EV 85.6 MPH) (infield hit)
|
|
Pitching: RHP Chris Bonham
|
|
|
Batting: RHB Steve Machol
|
0-0: Ball 1-0: Foul Ball, location: 2F 1-1: Foul Ball, location: 2F 1-2: Strikes out swinging
|
|
Batting: RHB Chad Mendoza
|
0-0: Swinging Strike 0-1: Foul Ball, location: 2F 0-2: Strikes out looking
|
| Top of the 5th over - 0 runs, 1 hit, 0 errors, 1 left on base; Kane County 3 - Hagerstown 0 |
| BOTTOM OF THE 5TH |
|
Hagerstown Suns batting - Pitching for Kane County Cougars : RHP Alex Andrade
|
|
Batting: RHB Nick Moreno
|
0-0: Ball 1-0: Ball 2-0: Ground out U3 (Groundball, 3S, EV 73.1 MPH)
|
|
Batting: RHB Steve Bauman
|
0-0: Swinging Strike 0-1: Ball 1-1: SINGLE (Groundball, 56D, EV 108.8 MPH)
|
|
Batting: RHB Gabe Almazan
|
0-0: Ball 1-0: Ball 2-0: Foul Ball, location: 2F 2-1: Foul Ball, location: 2F 2-2: Foul Ball, location: 2F 2-2: Ball 3-2: SINGLE (Groundball, 6MS, EV 73.8 MPH) (infield hit) Steve Bauman to second
|
|
Batting: RHB Jim Towle
|
0-0: Ball 1-0: Ball 2-0: Fly out, F8 (Flyball, 78M, EV 90.0 MPH)
|
|
Batting: RHB Marcus Dawson
|
0-0: Ground out U3 (Groundball, 23, EV 84.4 MPH)
|
| Bottom of the 5th over - 0 runs, 2 hits, 0 errors, 2 left on base; Kane County 3 - Hagerstown 0 |
| TOP OF THE 6TH |
|
Kane County Cougars batting - Pitching for Hagerstown Suns : RHP Chris Bonham
|
|
Batting: LHB Jeff Harmon
|
0-0: Called Strike 0-1: Called Strike 0-2: Ball 1-2: Ball 2-2: Strikes out swinging
|
|
Batting: RHB Sergio Manzanero
|
0-0: Ball 1-0: Called Strike 1-1: Swinging Strike 1-2: Strikes out swinging
|
|
Batting: LHB Enrique Ponce
|
0-0: Swinging Strike 0-1: Ball 1-1: Swinging Strike 1-2: Strikes out swinging
|
| Top of the 6th over - 0 runs, 0 hits, 0 errors, 0 left on base; Kane County 3 - Hagerstown 0 |
| BOTTOM OF THE 6TH |
|
Hagerstown Suns batting - Pitching for Kane County Cougars : RHP Alex Andrade
|
|
Batting: RHB Scott Skoglund
|
0-0: Reached on error, E2 (Groundball, 2R, EV 69.4 MPH)
|
|
Batting: RHB John Savard
|
0-0: Ball 1-0: Foul Ball, location: 2F 1-1: Ball 2-1: Ball 3-1: Ground out 4-3 (Groundball, 4, EV 86.2 MPH) Scott Skoglund to third
|
|
Batting: RHB Kevin Whitenack
|
0-0: Ball Passed Ball! Scott Skoglund scores 1-0: Ball 2-0: Called Strike 2-1: Ball 3-1: Base on Balls
|
|
Batting: LHB Evan Oliveri
|
0-0: Swinging Strike 0-1: Ball 1-1: Fielders Choice at 2nd, 5-4 (Groundball, 56, EV 88.8 MPH)
|
|
Batting: RHB Nick Moreno
|
0-0: Ball Evan Oliveri steals 2nd, throwing error, E2 Evan Oliveri to third 1-0: Ground out 6-3 (Groundball, 6, EV 110.0 MPH)
|
| Bottom of the 6th over - 1 run, 0 hits, 2 errors, 1 left on base; Kane County 3 - Hagerstown 1 |
| TOP OF THE 7TH |
|
Kane County Cougars batting - Pitching for Hagerstown Suns : RHP Chris Bonham
|
|
Batting: RHB Ernesto Zamora
|
0-0: Ball 1-0: Called Strike 1-1: Swinging Strike 1-2: Strikes out looking
|
|
Batting: RHB Larry Hardman
|
0-0: Foul Ball, location: 2F 0-1: Ball 1-1: Ball 2-1: Foul Ball, location: 2F 2-2: Ground out 4-3 (Groundball, 4, EV 102.5 MPH)
|
|
Batting: RHB Paul Schreiber
|
0-0: Swinging Strike 0-1: Ball 1-1: Foul Ball, location: 2F 1-2: Strikes out swinging
|
| Top of the 7th over - 0 runs, 0 hits, 0 errors, 0 left on base; Kane County 3 - Hagerstown 1 |
| BOTTOM OF THE 7TH |
|
Hagerstown Suns batting - Pitching for Kane County Cougars : RHP Alex Andrade
|
|
Batting: RHB Steve Bauman
|
0-0: Called Strike 0-1: Ball 1-1: Foul Ball, location: 2F 1-2: Hit by Pitch
|
|
Pitching: RHP Tom Reed
|
|
|
Batting: RHB Gabe Almazan
|
0-0: Ball 1-0: Swinging Strike 1-1: Ball 2-1: Foul Ball, location: 2F 2-2: Strikes out looking
|
|
Batting: RHB Jim Towle
|
0-0: Ball 1-0: Ball 2-0: Ball 3-0: Foul Ball, location: 2F 3-1: Fielders Choice at 2nd, 5-4 (Groundball, 15, EV 91.9 MPH)
|
|
Batting: RHB Marcus Dawson
|
0-0: Ball 1-0: Swinging Strike 1-1: Ball 2-1: Swinging Strike 2-2: Ball 3-2: Foul Ball, location: 2F 3-2: Strikes out swinging
|
| Bottom of the 7th over - 0 runs, 0 hits, 0 errors, 1 left on base; Kane County 3 - Hagerstown 1 |
| TOP OF THE 8TH |
|
Kane County Cougars batting - Pitching for Hagerstown Suns : RHP Chris Bonham
|
|
Pitching: RHP Steve Barnes
|
|
|
Batting: SHB Evan Armagost
|
0-0: Ball 1-0: Called Strike 1-1: Ball 2-1: SINGLE (Flyball, 56D, EV 92.5 MPH) - OUT at second base trying to stretch hit.
|
|
Batting: RHB Steve Machol
|
0-0: Ball 1-0: Called Strike 1-1: Swinging Strike 1-2: Foul Ball, location: 2F 1-2: Fly out, F4 (Popup, 3DF, EV 51.2 MPH)
|
|
Batting: RHB Chad Mendoza
|
0-0: Ball 1-0: SOLO HOME RUN (Flyball, 7D, EV 97.5 MPH), Distance : 380 ft
|
|
Batting: LHB Jeff Harmon
|
0-0: Called Strike 0-1: Swinging Strike 0-2: Strikes out looking
|
| Top of the 8th over - 1 run, 2 hits, 0 errors, 0 left on base; Kane County 4 - Hagerstown 1 |
| BOTTOM OF THE 8TH |
|
Hagerstown Suns batting - Pitching for Kane County Cougars : RHP Tom Reed
|
|
Pitching: LHP Heath Henderson
|
|
|
Now in LF: Omar Marquez
|
|
|
Batting: RHB Scott Skoglund
|
0-0: Ball 1-0: Foul Ball, location: 2F 1-1: Swinging Strike 1-2: Ball 2-2: Strikes out swinging
|
|
Batting: RHB John Savard
|
0-0: Fly out, F7 (Flyball, 78S, EV 95.6 MPH)
|
|
Batting: RHB Kevin Whitenack
|
0-0: Ball 1-0: Foul Ball, location: 2F 1-1: Called Strike 1-2: Ground out 6-3 (Groundball, 6, EV 81.9 MPH)
|
| Bottom of the 8th over - 0 runs, 0 hits, 0 errors, 0 left on base; Kane County 4 - Hagerstown 1 |
| TOP OF THE 9TH |
|
Kane County Cougars batting - Pitching for Hagerstown Suns : RHP Steve Barnes
|
|
Pitching: RHP Gareth Cutts
|
|
|
Batting: RHB Sergio Manzanero
|
0-0: Foul Ball, location: 2F 0-1: Foul Ball, location: 2F 0-2: Strikes out swinging
|
|
Batting: LHB Enrique Ponce
|
0-0: Ball 1-0: Swinging Strike 1-1: Ball 2-1: Foul Ball, location: 2F 2-2: Ball 3-2: Strikes out swinging
|
|
Batting: RHB Ernesto Zamora
|
0-0: Swinging Strike 0-1: Ball 1-1: Foul Ball, location: 2F 1-2: Strikes out swinging
|
| Top of the 9th over - 0 runs, 0 hits, 0 errors, 0 left on base; Kane County 4 - Hagerstown 1 |
| BOTTOM OF THE 9TH |
|
Hagerstown Suns batting - Pitching for Kane County Cougars : LHP Heath Henderson
|
|
Pitching: RHP Rick Foster
|
|
|
Batting: LHB Evan Oliveri
|
0-0: Called Strike 0-1: Ball 1-1: Called Strike 1-2: Strikes out swinging
|
|
Batting: RHB Nick Moreno
|
0-0: Ball 1-0: Swinging Strike 1-1: SOLO HOME RUN (Flyball, 89XD, EV 105.0 MPH), Distance : 411 ft
|
|
Batting: RHB Steve Bauman
|
0-0: Ball 1-0: Ball 2-0: Ball 3-0: Called Strike 3-1: Base on Balls
|
|
Batting: RHB Gabe Almazan
|
0-0: Swinging Strike 0-1: Called Strike 0-2: Ball 1-2: Ball 2-2: Ball 3-2: Strikes out looking
|
|
Batting: SHB Gabe Fraunfelder
|
0-0: Ball 1-0: Ground out U3 (Groundball, 3, EV 86.9 MPH)
|
| Bottom of the 9th over - 1 run, 1 hit, 0 errors, 1 left on base; Kane County 4 - Hagerstown 2 |
|